 Dungeon Crawl Stone Soup version 0.23-a0-650-ga4d50d4d25 (webtiles) character file.

46 jobez the Poker (level 3, -6/27 HPs)
             Began as a Merfolk Skald on Jan 4, 2019.
             Killed from afar by Natasha (9 damage)
             ... with a wand of flame (19)
             ... on level 2 of the Dungeon.
             The game lasted 00:04:23 (1160 turns).

jobez the Poker (Merfolk Skald)                     Turns: 1160, Time: 00:04:24

Health: -6/27      AC:  4    Str: 11    XL:     3   Next: 66%
Magic:  6/6        EV:  9    Int: 13    God:
Gold:   31         SH:  6    Dex: 13    Spells: 3/6 levels left

rFire    . . .     SeeInvis .   a - +0 spear
rCold    . . .     Gourm    .   i - +0 shield
rNeg     . . .     Faith    .   b - +0 leather armour
rPois    .         Spirit   .   c - +0 helmet
rElec    .         Reflect  .   (no cloak)
rCorr    .         Harm     .   (no gloves)
MR       .....                  (no boots)
Stlth    +.........             (no amulet)
HPRegen  0.09/turn              (no ring)
MPRegen  0.10/turn              (no ring)

@: very slightly contaminated, slowed, very slow
A: change form in water, swift swim, stealthy swim
a: no special abilities


You were on level 2 of the Dungeon.
You were not hungry.

You visited 1 branch of the dungeon, and saw 2 of its levels.

You collected 31 gold pieces.

Inventory:

Hand Weapons
 a - a +0 spear (weapon)
Armour
 b - a +0 leather armour (worn)
 c - a +0 helmet (worn)
 i - a +0 shield (worn)
Jewellery
 g - an uncursed ring of stealth {unknown}
Scrolls
 e - a scroll of remove curse {unknown}
 f - a scroll of identify {unknown}
 h - a scroll of immolation {unknown}
Comestibles
 d - 2 rations
 j - a chunk of flesh


   Skills:
 - Level 2.2 Fighting
 + Level 4.1 Polearms
 - Level 0.6 Armour
 - Level 2.9 Dodging
 - Level 2.3 Spellcasting
 + Level 4.0 Charms


You had 3 spell levels left.
You knew the following spells:

 Your Spells              Type           Power        Failure   Level  Hunger
a - Infusion              Chrm           ##..         38%         1    #......
b - Shroud of Golubria    Chrm/Tloc      #.........   83%         2    ###....

Your spell library contained the following spells:

 Spells                   Type           Power        Failure   Level  Hunger
 Song of Slaying          Chrm           ##......     54%         2    ###....
 Regeneration             Chrm/Necr      #.........   96%         3    ###....
 Spectral Weapon          Hex/Chrm       #.......     96%         3    ###....


Dungeon Overview and Level Annotations

Branches:
Dungeon (2/15)

Altars:

Annotations:
D:2 Natasha


Message History

You feel yourself slow down.
You hit Natasha.
Natasha is lightly wounded.
Natasha zaps a wand.
The puff of flame hits you! Natasha claws you.
You closely miss Natasha.
Natasha is lightly wounded.
Natasha howls an incantation.
You feel disoriented.
Natasha zaps a wand.
The puff of flame hits you!
* * * LOW HITPOINT WARNING * * *
Natasha claws you.
* * * LOW HITPOINT WARNING * * *
You closely miss Natasha.
Natasha is lightly wounded.
Natasha closely misses you.
You closely miss Natasha.
Natasha is lightly wounded.
Natasha growls.
Natasha zaps a wand.
The puff of flame hits you!
You die...

........#.#..# #.#########
.........#.#..########.##.......
.#.......# #..##.....#.##..(....
<........# #..##.....#.##.......
.#########
#............รท...>...
#.###.......##.......
#.....####...........
#########.......#####
#gh@...........#
#5######.......# #.# #########
#..........# #..........#
#..g.......# #..........#
#........).# #..........#


You could see Natasha, a crimson imp and a hobgoblin.

Vanquished Creatures
  An adder (D:2)
  A worm (D:2)
  A dart slug (D:2)
  6 bats
  4 giant cockroaches
  A goblin (D:1)
  5 hobgoblins
  3 jackals (D:2)
  A ball python (D:1)
  2 frilled lizards (D:1)
  3 kobolds (D:1)
  2 rats (D:1)
30 creatures vanquished.

Notes
Turn   | Place    | Note
-------+----------+-------------------------------------------
     0 | D:1      | jobez the Merfolk Skald began the quest for the Orb.
     0 | D:1      | Reached XP level 1. HP: 16/16 MP: 3/3
   167 | D:1      | Reached XP level 2. HP: 9/22 MP: 1/5
   714 | D:1      | Learned a level 2 spell: Shroud of Golubria
   843 | D:2      | Reached XP level 3. HP: 15/27 MP: 1/6
  1141 | D:2      | Noticed Natasha
  1160 | D:2      | Killed from afar by Natasha

Vault maps used:
D:1:      ncdulo_wetmaze
D:2:      kennysheep_the_goblin_king, uniq_natasha

Skill      XL: |  1  2  3 |
---------------+----------+-----
Polearms       | 4 |  4.1
Charms         | 4 |  4.0
Fighting       | |  2.2
Armour         | |  0.6
Dodging        | |  2.9
Spellcasting   | |  2.3

Action                   || total
-------------------------++-------
Melee: Spear             ||   154
 Cast: Infusion          ||     8
       Shroud of Golubri ||     2
  Use: Potion            ||     1
  Eat: Chunk             ||     1
Armor: Leather armour    ||    47
Dodge: Dodged            ||    79
Block: Shield            ||     1

Table legend:
 A = Non-vault XP
 B = Vault XP
 C = Vault XP percentage of total XP
 D = Non-vault monster count
 E = Vault monster count
 F = Vault count percentage of total count
                 A         B        C        D         E       F
            +---------+---------+-------+---------+---------+-------
      Total |      66 |       0 |   0.0 |      30 |       0 |   0.0
            +---------+---------+-------+---------+---------+-------
        D:1 |      31 |       0 |   0.0 |      20 |       0 |   0.0
        D:2 |      35 |       0 |   0.0 |      10 |       0 |   0.0
            +---------+---------+-------+---------+---------+-------
